AoeStats
← BottleDry

Arena

505121170Analyzed
4v4 RM · 25d ago on Sep 7, 2026· 50m 29s· 8 players
Game mode
Random Map
Map size
Large (8 player)
Population
200
Speed
Normal
Resources
Standard
Victory
Conquest
Starting age
Dark Age
Ending age
Imperial Age
RankedLock teamsTeams togetherTeam positionsShared explorationLock speedFull tech treeHidden civsTurbo modeCheats
Victory
Defeat
🇬🇧 Slavs · United Kingdom
962
+13
🇺🇸 Persians · United States
941
+14
🇨🇳 Teutons · China
934
+15
🇺🇸 Spanish · United States
849
+19
🇲🇽 Berbers · Mexico
929
-16
🇺🇸 Huns · United States
915
-16
🇨🇱 Teutons · Chile
893
-15
🇬🇧 Dravidians · United Kingdom
877
-14
Maverick
10:31 Feudal Age
10:44 Feudal Age
10:15 Loom
16:52 Castle Age
15:14 Horse Collar
37:59 Imperial Age
35:40 Town Watch
36:35 Wheelbarrow
35:47 Double-Bit Axe
36:17 Fletching
37:06 Ballistics
38:06 Bodkin Arrow
38:25 Gold Mining
39:29 Conscription
39:23 Padded Archer Armor
39:02 Light Cavalry
40:16 Heavy Plow
40:39 Bloodlines
40:52 Husbandry
41:09 Forging
41:30 Scale Barding Armor
42:40 Hand Cart
43:09 Leather Archer Armor
43:44 Pikeman
44:43 Squires
46:03 Chemistry
46:33 Scale Mail Armor
Jan
10:55 Feudal Age
11:45 Gold Mining
11:48 Double-Bit Axe
11:46 Horse Collar
12:01 Stone Mining
19:37 Castle Age
32:56 Imperial Age
31:18 Scale Barding Armor
31:25 Husbandry
32:46 Forging
34:25 Bow Saw
39:00 Bloodlines
41:56 Heavy Plow
42:58 Two-Man Saw
42:35 Gold Shaft Mining
43:49 Iron Casting
44:22 Chain Barding Armor
44:20 Scale Mail Armor
44:20 Padded Archer Armor
44:11 Fletching
44:35 Marauders
45:14 Elite Tarkan
45:36 Pikeman
46:16 Squires
46:02 Arson
47:54 Blast Furnace
albe.nuneza
2:13 Loom
9:56 Feudal Age
11:08 Double-Bit Axe
12:14 Horse Collar
15:04 Wheelbarrow
19:42 Castle Age
18:50 Bloodlines
19:41 Forging
24:55 Fletching
25:12 Scale Barding Armor
26:00 Hand Cart
26:07 Gold Mining
27:08 Scale Mail Armor
30:18 Hand Cart
31:28 Padded Archer Armor
32:32 Ironclad
32:58 Ballistics
32:42 Town Watch
34:18 Iron Casting
34:05 Chain Barding Armor
35:12 Chain Mail Armor
35:10 Bodkin Arrow
36:18 Fortified Wall
38:36 Masonry
38:43 Bow Saw
42:26 Imperial Age
42:29 Elite Teutonic Knight
42:45 Cavalier
45:08 Blast Furnace
MS2GUD1068
11:43 Feudal Age
17:09 Castle Age
15:25 Padded Archer Armor
15:16 Fletching
18:03 Thumb Ring
18:51 Loom
21:02 Bodkin Arrow
21:23 Leather Archer Armor
21:32 Leather Archer Armor
27:40 Husbandry
27:55 Scale Barding Armor
29:31 Ballistics
30:25 Wheelbarrow
31:20 Masonry
36:07 Double-Bit Axe
38:06 Light Cavalry
44:42 Horse Collar
GeneralPique
7:14 Loom
11:53 Feudal Age
12:14 Double-Bit Axe
12:11 Horse Collar
18:49 Forging
18:45 Scale Barding Armor
18:45 Padded Archer Armor
23:28 Castle Age
22:06 Gold Mining
23:25 Bloodlines
24:36 Bow Saw
24:28 Heavy Plow
24:35 Husbandry
29:26 Chain Barding Armor
30:31 Gold Shaft Mining
29:47 Stone Mining
29:53 Stone Mining
31:23 Iron Casting
36:51 Imperial Age
34:09 Town Watch
35:02 Wheelbarrow
35:13 Murder Holes
36:11 Kamandaran
37:09 Leather Archer Armor
36:45 Fletching
38:39 Stone Shaft Mining
38:44 Plate Barding Armor
39:09 Blast Furnace
38:40 Ring Archer Armor
38:38 Conscription
38:07 Heavy Camel Rider
38:12 Crossbowman
39:44 Crop Rotation
40:40 Bodkin Arrow
42:20 Thumb Ring
41:44 Cavalier
43:38 Savar
46:38 Elite War Elephant
48:06 Caravan
48:16 Guilds
49:24 Ballistics
BottleDry
7:12 Loom
11:24 Feudal Age
15:02 Castle Age
15:11 Stone Mining
15:11 Double-Bit Axe
15:12 Horse Collar
23:51 Wheelbarrow
24:37 Fervor
25:59 Fletching
26:10 Padded Archer Armor
27:02 Bodkin Arrow
27:56 Leather Archer Armor
28:12 Elite Skirmisher
33:19 Imperial Age
34:07 Hand Cart
33:57 Heavy Plow
34:14 Bow Saw
35:28 Ring Archer Armor
34:58 Bracer
36:14 Conscription
36:12 Forging
38:23 Iron Casting
38:57 Chemistry
38:18 Ballistics
37:43 Pikeman
38:25 Squires
38:10 Arson
38:27 Scale Mail Armor
46:01 Elite Conquistador
48:38 Spies/Treason
Antonio
6:46 Loom
9:43 Feudal Age
13:14 Fletching
21:25 Castle Age
26:47 Scale Mail Armor
27:35 Forging
33:32 Horse Collar
33:38 Double-Bit Axe
39:30 Imperial Age
38:53 Fortified Wall
39:19 Wheelbarrow
38:43 Bodkin Arrow
39:04 Chain Mail Armor
40:06 Iron Casting
39:52 Squires
39:37 Arson
41:34 Chemistry
42:54 Pikeman
44:22 Halberdier
45:59 Plate Mail Armor
47:28 Hand Cart
46:58 Town Watch
48:17 Blast Furnace
sam.pidgeon
8:43 Loom
12:51 Feudal Age
13:44 Double-Bit Axe
21:24 Castle Age
19:19 Gold Mining
19:22 Stone Mining
19:15 Horse Collar
19:53 Scale Mail Armor
20:58 Scale Barding Armor
23:38 Bow Saw
24:06 Gold Shaft Mining
23:08 Man-at-Arms
25:53 Pikeman
27:37 Long Swordsman
29:29 Squires
33:45 Forging
36:09 Imperial Age
34:37 Detinets
34:34 Fletching
34:45 Padded Archer Armor
37:04 Druzhina
38:35 Town Watch
38:26 Capped Ram
39:15 Halberdier
39:45 Two-Handed Swordsman
41:11 Ballistics
40:47 Murder Holes
41:31 Iron Casting
41:39 Wheelbarrow
45:34 Fortified Wall
45:21 Siege Ram
46:59 Masonry
47:07 Chain Mail Armor
49:01 Blast Furnace
48:58 Conscription
49:05 Champion
Connection lost

Rejoining the realm…

Still unreachable

The connection could not be restored.

Session expired

The server has moved on; the page needs a fresh start.